 Dungeon Crawl Stone Soup version 0.17-a0-910-ga669010 (webtiles) character file.

69 oplop the Sneak (level 4, -2/21 HPs)
             Began as a Spriggan Enchanter on May 2, 2015.
             Killed from afar by Natasha (11 damage)
             ... with a wand of flame
             ... on level 2 of the Dungeon.
             The game lasted 00:01:46 (1112 turns).

oplop the Sneak (Spriggan Enchanter)                Turns: 1112, Time: 00:01:46

Health: -2/21      AC:  4    Str:  4    XL:     4   Next: 2%
Magic:  8/10       EV: 19    Int: 17    God:
Gold:   96         SH:  0    Dex: 16    Spells: 2 memorised, 7 levels left

rFire  . . .     SeeInvis +     a - +1 dagger
rCold  . . .     Clarity  .     b - +1 robe
rNeg   . . .     SustAb   .     (shield restricted)
rPois  .         Gourm    .     (helmet restricted)
rElec  .         Spirit   .     j - +0 cloak
rCorr  .         Warding  .     (gloves unavailable)
rMut   .         Stasis   .     (boots unavailable)
MR     .....                    (no amulet)
Stlth  +++.......               (no ring)
                                (no ring)

@: very quick, not resistant to hostile enchantments, fairly stealthy
A: unfitting armour, see invisible, herbivore 3, speed 3, slow metabolism 2
a: no special abilities


You were on level 2 of the Dungeon.
You were not hungry.

You visited 1 branch of the dungeon, and saw 2 of its levels.

You collected 96 gold pieces.

Inventory:

Hand weapons
 a - a +1 dagger (weapon)
Armour
 b - a +1 robe (worn)
 j - a +0 cloak (worn)
Jewellery
 h - an uncursed amulet of resist corrosion {unknown}
 p - a cursed ring of loudness {unknown}
Scrolls
 e - a scroll of enchant weapon {unknown}
 f - 4 scrolls of identify {unknown}
 g - 2 scrolls of blinking {unknown}
 i - a scroll of fear {unknown}
 k - 3 scrolls of magic mapping {unknown}
 m - a scroll of recharging {unknown}
 n - a scroll of remove curse {unknown}
 o - a scroll of random uselessness {unknown}
Books
 c - a book of Maledictions

   Spells                             Type                      Level
   a - Corona                         Hexes                        1
   b - Ensorcelled Hibernation        Hexes/Ice                    2
   c - Confuse                        Hexes                        3
   d - Tukima's Dance                 Hexes                        3
   e - Dazzling Spray                 Conjuration/Hexes            3
Comestibles
 d - a bread ration
 l - 2 fruits


   Skills:
 + Level 2.1 Short Blades
 + Level 4.4 Dodging
 - Level 4.4 Stealth
 + Level 3.7 Spellcasting
 + Level 3.9 Hexes


You had 7 spell levels left.
You knew the following spells:

 Your Spells              Type           Power        Failure   Level  Hunger
a - Corona                Hex            ###....      3%          1    None
b - Ensorcelled Hibernat  Hex/Ice        #.....       14%         2    ##.....


Dungeon Overview and Level Annotations

Branches:
Dungeon (2/15)

Altars:

Annotations:
D:2 Natasha


Innate Abilities, Weirdness & Mutations

You are tiny and cannot use many weapons and most armour.
You have supernaturally acute eyesight.
You are a herbivore.
You cover ground extremely quickly.
You need consume almost no food.


Message History

Found a beef jerky.
o - a scroll labeled RISAULU DAYNING You now have 96 gold pieces (gained 17).
You see here a beef jerky.
p - a moonstone ring
There is a stone staircase leading down here.
You see here a shortbow.
Natasha, Servant of Life and Death comes into view.
Natasha is nearby!
Natasha zaps a wand.
The puff of flame hits you!
It is a wand of flame.
Casting: Ensorcelled Hibernation
Confirm with . or Enter, or press ? or * to list all spells.
Aiming: Ensorcelled Hibernation
Press: ? - help, Shift-Dir - straight line, f - Natasha
Aim: Natasha, carrying a wand of flame {zapped: 1} (chance 40%) Natasha resists with some effort.
Natasha zaps a wand.
The puff of flame hits you!
Natasha zaps a wand.
The puff of flame hits you!
Ouch! That really hurt!
You die...

...## ##..###### ###......#
.#######.#### ###. ..#
#...<#####.... #.#
####.[†.......r #.###
####†...#### #...##
##...>..##### ###..#
##.....#.@...########.
##.###..(.............h....
#.##......................
#.##..)............######
#.##...............#
####.##...............#
......................#
[###.##...>.......(..## ##
#....#...........##


You could see Natasha.

Vanquished Creatures
  Natasha (D:2)
  An adder (D:2)
  An ooze (D:2)
  A giant gecko (D:1)
  3 bats
  3 giant cockroaches
  3 goblins
  3 hobgoblins
  6 kobolds
  3 giant newts
  6 rats
31 creatures vanquished.

Notes
Turn   | Place    | Note
--------------------------------------------------------------
     0 | D:1      | oplop, the Spriggan Enchanter, began the quest for the Orb.
     0 | D:1      | Reached XP level 1. HP: 9/9 MP: 5/5
   211 | D:1      | Reached XP level 2. HP: 11/13 MP: 7/7
   557 | D:1      | Learned a level 2 spell: Ensorcelled Hibernation
   863 | D:2      | Reached XP level 3. HP: 14/16 MP: 0/8
  1041 | D:2      | Noticed Natasha
  1045 | D:2      | Killed Natasha
  1045 | D:2      | Reached XP level 4. HP: 21/21 MP: 10/10
  1106 | D:2      | Noticed Natasha
  1112 | D:2      | Killed from afar by Natasha

Action                   |  1- 3 |  4- 6 || total
-------------------------+-------+-------++-------
Melee: Dagger            |   114 |       ||   114
 Cast: Ensorcelled Hiber |     5 |     1 ||     6
       Corona            |     1 |       ||     1
 Stab: Sleeping          |    10 |       ||    10
